 Dungeon Crawl Stone Soup version 0.31-a0-229-g1fc7ce93e2 (webtiles) character file.

Game seed: 18104089223498304804

10 protoss039 the Digger (level 2, 20/20 HPs)
             Began as a Demonspawn Earth Elementalist on July 6, 2023.
             Got out of the dungeon alive.
             The game lasted 00:00:20 (356 turns).

protoss039 the Digger (DsEE)                         Turns: 356, Time: 00:00:20

Health: 20/20      AC:  2    Str:  8    XL:     2   Next: 10%
Magic:  5/5        EV: 12    Int: 16    God:
Gold:   25         SH:  0    Dex: 13    Spells: 4/5 levels left

rFire   . . .        d - +0 dagger
rCold   . . .        (no shield)
rNeg    . . .        a - +0 robe
rPois   .            (no helmet)
rElec   .            (no cloak)
rCorr   .            (no gloves)
SInv    .            (no boots)
Will    .....        (no amulet)
Stlth   ++           (no ring)
HPRegen 0.23/turn    (no ring)
MPRegen 0.09/turn

%: no passive effects
@: no status effects
A: demonic guardian 1
a: no special abilities


You escaped.
You visited 1 branch of the dungeon, and saw 1 of its levels.

You collected 25 gold pieces.

Inventory:

Hand Weapons
 d - a +0 dagger (weapon)
Armour
 a - a +0 robe (worn)
Scrolls
 c - a scroll of fear {unknown}
 e - a scroll of teleportation {unknown}
Potions
 b - a potion of magic
 f - a potion of heal wounds {unknown}


   Skills:
 + Level 0.9 Fighting
 - Level 1.7 Dodging
 - Level 1.7 Stealth
 + Level 2.2 Spellcasting
 - Level 0.8 Transmutations
 + Level 2.9 Earth Magic


You had 4 spell levels left.
You knew the following spells:

 Your Spells              Type           Power      Damage    Failure   Level
a - Sandblast             Erth           22%        2d7       6%          1

Your spell library contained the following spells:

 Spells                   Type           Power      Damage    Failure   Level
 Passwall                 Tmut/Erth      5%         N/A       14%         2
 Stone Arrow              Conj/Erth      12%        3d7       32%         3
 Inner Flame              Hex/Fire       1%         N/A       52%         3
 Petrify                  Tmut/Erth      7%         N/A       67%         4
 Flame Wave               Conj/Fire      1%         2d4       90%         4
 Sticky Flame             Conj/Fire      1%         2d3       90%         4


Dungeon Overview and Level Annotations

Branches:
Dungeon (1/15) Zot: 5641

Altars:


Innate Abilities, Weirdness & Mutations

A weak demonic guardian rushes to your aid.


Message History

The quokka is lightly wounded.
The quokka barely misses you.
You hit the quokka.
The quokka is severely wounded.
The quokka barely misses you.
You closely miss the quokka.
The quokka is severely wounded.
The quokka misses you.
You hit the quokka.
The quokka is almost dead.
The quokka completely misses you.
The quokka bites you but does no damage.
You closely miss the quokka.
The quokka is almost dead.
The quokka barely misses you.
You hit the quokka but do no damage.
The quokka is almost dead.
The quokka bites you.
You hit the quokka.
You kill the quokka!
No target in view!
No target in view!
No target in view!
No target in view!
No target in view!
No target in view!
No target in view!
No target in view!
No target in view!
No target in view!
No target in view!
No target in view!
You see here a giant cockroach corpse.
There is an open door here.
There is an open door here.
There is an open door here.
There is an open door here.
There is a staircase leading out of the dungeon here.
Are you sure you want to leave the Dungeon?
This will make you lose the game!
You have escaped!

#..####
##..#.#
#..#.## #...##
##.## #.## #.#
###'###
########@....#
.......'.....#
########....)#
#######


There were no monsters in sight!

Vanquished Creatures
  A dart slug (D:1)
  A giant cockroach (D:1)
  A goblin (D:1)
  2 jackals (D:1)
  A quokka (D:1)
  A ball python (D:1)
7 creatures vanquished.

Notes
Turn   | Place    | Note
-------+----------+-------------------------------------------
     0 | D:1      | protoss039 the Demonspawn Earth Elementalist began the
                  | quest for the Orb.
     0 | D:1      | Reached XP level 1. HP: 13/13 MP: 3/3
   231 | D:1      | Gained mutation: A weak demonic guardian rushes to your
                  | aid. [demonic ancestry]
   231 | D:1      | Reached XP level 2. HP: 19/20 MP: 0/5
   356 | D:$      | Got out of the dungeon alive.

Illustrated notes

Levels and vault maps discovered:
D:1:      elethiomel_arrival_fortress_basement, layout_loops_ring,
          minmay_split_cup_large

Action                     || total
---------------------------++-------
  Melee: Dagger            ||    24
   Cast: Sandblast         ||     7
   Stab: Sleeping          ||     1
 Armour: Robe              ||     7
  Dodge: Dodged            ||    17

Table legend: (Time is in decaauts)
 A = Elapsed time spent in this place.
 B = Non-inter-level travel time spent in this place.
 C = Inter-level travel time spent in this place.
 D = Time resting spent in this place.
 E = Time spent auto-exploring this place.
 F = Levels seen in this place.
 G = Mean time per level.
                   A        B        C        D        E       F      G
               +--------+--------+--------+--------+--------+-----+--------+
         Total |    359 |    245 |    114 |      0 |    188 |   1 |  359.0 |
       Dungeon |    359 |    245 |    114 |      0 |    188 |   1 |  359.0 |
               +--------+--------+--------+--------+--------+-----+--------+

Top non-repeatable levels by time:
     D:1: 359 daAuts
